[Event "ICC tourney 2436 (75 10)"]
[Site "Internet Chess Club"]
[Date "2021.03.06"]
[Round "3"]
[White "CONNEEN, CHARLIE CHARLES:ukdl"]
[Black "COVEY, THEODORE DEAN:VirginiaGuy"]
[Result "0-1"]
[ICCResult "White checkmated"]
[WhiteElo "1205"]
[BlackElo "1218"]
[Opening "Scotch: Steinitz variation"]
[ECO "C45"]
[NIC "SO.04"]
[Time "20:01:58"]
[PlyCount "114"]
[TimeControl "4500+10"]

1. e4 e5 2. Nf3 Nc6 3. d4 exd4 4. Nxd4 Qh4 5. Nc3 Bb4 6. Be3 Qxe4 7. Nb5
Bxc3+ 8. Nxc3 Qe7 9. Bc4 Nf6 10. O-O O-O 11. Nd5 Nxd5 12. Bxd5 d6 13. Re1
Qf6 14. c3 Bf5 15. Qd2 Rfe8 16. Bg5 Qg6 17. Bf3 Rab8 18. h4 h6 19. h5 Qxg5
20. Qd5 Re5 21. Rxe5 Nxe5 22. Re1 Nxf3+ 23. Qxf3 Bg4 24. Qg3 Qxh5 25. Re7
Rc8 26. Qe3 Kf8 27. Re4 Bf5 28. Rf4 Re8 29. Qd2 Re4 30. g4 Qg5 31. Rxe4
Qxd2 32. gxf5 Qxb2 33. Rb4 Qc1+ 34. Kg2 Qxc3 35. Re4 Qc2 36. Re3 Qxa2 37.
Kf3 Qd5+ 38. Kf4 a5 39. f6 Qg5+ 40. Ke4 Qxf6 41. f4 a4 42. f5 Qe5+ 43. Kd3
Qxe3+ 44. Kxe3 a3 45. f6 a2 46. fxg7+ Kxg7 47. Ke4 a1=Q 48. Kd5 h5 49. Kc4
h4 50. Kb5 h3 51. Kc4 h2 52. Kb4 h1=Q 53. Kc4 Qe5 54. Kb4 Qh4+ 55. Kb3
Qeg3+ 56. Kc2 Qhh2+ 57. Kd1 Qgg1# { White checkmated } 0-1

[Event "ICC tourney 2436 (75 10)"]
[Site "Internet Chess Club"]
[Date "2021.03.06"]
[Round "3"]
[White "LA BRECHE, NATHANAEL JOHN:aWildNateDawg"]
[Black "HELLER, JACK G:Maximusiv"]
[Result "1-0"]
[ICCResult "Black resigns"]
[WhiteElo "1227"]
[BlackElo "932"]
[Opening "Scandinavian defense"]
[ECO "B01"]
[NIC "SD.03"]
[Time "20:01:30"]
[PlyCount "95"]
[TimeControl "4500+10"]

1. e4 d5 2. exd5 Nf6 3. Nf3 Nxd5 4. d4 Bg4 5. Be2 Nc6 6. O-O e6 7. c3 h6 8.
Ne5 Bxe2 9. Qxe2 Nxe5 10. dxe5 Qe7 11. Be3 Nxe3 12. Qxe3 Qc5 13. Qxc5 Bxc5
14. Rd1 Ke7 15. Nd2 Rad8 16. Nf3 Rxd1+ 17. Rxd1 Rd8 18. Rxd8 Kxd8 19. Kf1
Kd7 20. h4 Kc6 21. Ke2 Kd5 22. g4 a5 23. g5 Ke4 24. gxh6 gxh6 25. Nd2+ Kxe5
26. Nc4+ Kf4 27. Nxa5 b6 28. Nc6 f6 29. b4 Bd6 30. a4 Kg4 31. a5 bxa5 32.
bxa5 Kxh4 33. a6 Bc5 34. a7 Bxa7 35. Nxa7 Kh3 36. Kf1 f5 37. Nb5 c6 38. Nd4
e5 39. Nxc6 e4 40. Ne5 f4 41. c4 h5 42. c5 h4 43. c6 e3 44. c7 e2+ 45. Kxe2
Kg2 46. c8=Q h3 47. Qg4+ Kh1 48. Qxh3+ { Black resigns } 1-0

[Event "ICC tourney 2436 (75 10)"]
[Site "Internet Chess Club"]
[Date "2021.03.06"]
[Round "3"]
[White "GUAN , TSZ YEUNG:DanielGuan"]
[Black "SHANGIN, LEV:lshangin"]
[Result "1-0"]
[ICCResult "Black resigns"]
[WhiteElo "1280"]
[BlackElo "1170"]
[Opening "QGD Slav defense: exchange variation"]
[ECO "D10"]
[NIC "SL.01"]
[Time "20:01:33"]
[PlyCount "65"]
[TimeControl "4500+10"]

1. d4 d5 2. c4 c6 3. cxd5 cxd5 4. Nc3 Bf5 5. Qb3 Nc6 6. e3 b6 7. Bb5 Bd7 8.
Qxd5 Nf6 9. Qb3 Na5 10. Bxd7+ Qxd7 11. Qb5 e6 12. Nf3 Bd6 13. Qxd7+ Kxd7
14. e4 Bb4 15. e5 Nd5 16. Bd2 Bxc3 17. bxc3 Nc4 18. Ke2 Rac8 19. Rac1 b5
20. g3 a5 21. Ne1 Rc7 22. Nd3 Rd8 23. f4 Ke7 24. Nc5 Ndb6 25. Be1 b4 26.
cxb4 Rxd4 27. bxa5 Nd5 28. Nb3 Re4+ 29. Kd3 f5 30. exf6+ Nxf6 31. Bb4+ Kf7
32. Nc5 Nd5 33. Kxe4 { Black resigns } 1-0

[Event "ICC tourney 2436 (75 10)"]
[Site "Internet Chess Club"]
[Date "2021.03.06"]
[Round "3"]
[White "Ravichandran, Vishwa Balaji:VishwaBalaji"]
[Black "FENG, AARON:aaronfeng"]
[Result "1-0"]
[ICCResult "Black checkmated"]
[WhiteElo "942"]
[BlackElo "1094"]
[Opening "two knights defense"]
[ECO "C58"]
[NIC "KP.01"]
[Time "20:01:33"]
[PlyCount "167"]
[TimeControl "4500+10"]

1. e4 e5 2. Nf3 Nc6 3. Bc4 Nf6 4. Ng5 d5 5. exd5 Na5 6. Bb3 Nxb3 7. axb3
Nxd5 8. d3 Be7 9. Nf3 Bg4 10. h3 Bxf3 11. Qxf3 Nb4 12. O-O Nxc2 13. Ra5 c5
14. Qxb7 Nd4 15. Rxa7 Rxa7 16. Qxa7 Nxb3 17. Qa4+ Qd7 18. Qxb3 O-O 19. Be3
Rd8 20. Rc1 Rc8 21. Nc3 Qxd3 22. Rd1 Qg6 23. Qb7 Qe6 24. Qd7 Qxd7 25. Rxd7
Bf8 26. Nd5 f6 27. Ne7+ Bxe7 28. Rxe7 c4 29. Rd7 Rb8 30. Rd2 Rb3 31. Rc2
Kf7 32. Rxc4 Rxb2 33. Rc7+ Kg6 34. Kh2 Ra2 35. Kg3 Ra6 36. Ra7 Rxa7 37.
Bxa7 Kh5 38. Kf3 f5 39. Bb8 e4+ 40. Kf4 g6 41. Kg3 g5 42. Bd6 h6 43. Bf8
Kg6 44. h4 f4+ 45. Kg4 h5+ 46. Kh3 g4+ 47. Kh2 e3 48. fxe3 fxe3 49. Bb4 Kf5
50. Kg3 Ke4 51. Ba5 Kf5 52. Kh2 Kf4 53. Bb4 Kf5 54. Kg3 Ke4 55. Kh2 Kf4 56.
Kg1 g3 57. Kf1 Kg4 58. Be7 Kf5 59. Ke2 Ke4 60. Bg5 Kf5 61. Kxe3 Kg4 62. Be7
Kf5 63. Kf3 Ke5 64. Kxg3 Ke4 65. Bg5 Kf5 66. Kf3 Ke5 67. Bf4+ Kf5 68. g3
Kg6 69. Ke4 Kf6 70. Be5+ Kg6 71. Kf4 Kf7 72. Kg5 Kg8 73. Kxh5 Kh7 74. g4
Kg8 75. Kg6 Kf8 76. h5 Kg8 77. h6 Kf8 78. g5 Kg8 79. h7+ Kf8 80. h8=Q+ Ke7
81. Qf6+ Kd7 82. Qd6+ Ke8 83. Qc7 Kf8 84. Qd8# { Black checkmated } 1-0

[Event "ICC tourney 2436 (75 10)"]
[Site "Internet Chess Club"]
[Date "2021.03.06"]
[Round "3"]
[White "FINETTE, STEVEN:chess278"]
[Black "Perera, Kevin:kevinp"]
[Result "0-1"]
[ICCResult "White resigns"]
[WhiteElo "1323"]
[BlackElo "1054"]
[Opening "Réti opening"]
[ECO "A05"]
[NIC "QP.11"]
[Time "20:01:30"]
[PlyCount "176"]
[TimeControl "4500+10"]

1. Nf3 Nf6 2. b3 g6 3. Bb2 Bg7 4. e3 O-O 5. Be2 d6 6. d4 Nbd7 7. Nbd2 c5 8.
O-O a6 9. c4 b6 10. d5 e6 11. e4 e5 12. Qc2 Rb8 13. a4 a5 14. Nb1 Rb7 15.
Nc3 Nb8 16. Nb5 Na6 17. Bc3 Nb4 18. Bxb4 cxb4 19. h3 Nh5 20. Kh2 f5 21. Bd3
Nf4 22. Rae1 Nxd3 23. Qxd3 fxe4 24. Qxe4 Bf5 25. Qe3 h6 26. g4 Bd7 27. Nd2
Bxb5 28. axb5 Qe7 29. Ne4 Rf4 30. f3 Bf8 31. Qf2 Qf7 32. Qg3 Be7 33. Kg2
Rb8 34. Re3 Rf8 35. Qf2 Qe8 36. Qg3 Qd8 37. Qf2 Bh4 38. Qe2 R8f7 39. Rd3
Kh8 40. Re3 h5 41. Rd3 Qf8 42. Qe3 Qd8 43. Qe2 Kg8 44. Qe3 Kf8 45. Qe2 Ke8
46. Qe3 Rh7 47. Qe2 Be7 48. Qf2 Kd7 49. Qe3 Kc7 50. Qe2 Qh8 51. Qe3 hxg4
52. fxg4 Rxf1 53. Kxf1 Rf7+ 54. Ke2 Bh4 55. Rd1 Rf4 56. Rf1 Qf8 57. Rxf4
exf4 58. Qf3 Bd8 59. Kf2 g5 60. Qd3 Qg7 61. Kf3 Qh7 62. Nf2 Qh4 63. Kg2 Qh8
64. Ne4 Qb2+ 65. Nd2 Qc3 66. Qh7+ Kc8 67. Ne4 Qc2+ 68. Kf1 Qd3+ 69. Ke1
Qe3+ 70. Kf1 Qf3+ 71. Ke1 Qh1+ 72. Ke2 Qg2+ 73. Kd1 Qf1+ 74. Kd2 Qg2+ 75.
Ke1 Qg1+ 76. Kd2 Qh2+ 77. Ke1 f3 78. Nxd6+ Qxd6 79. Qf5+ Kb8 80. Qxf3 Qe5+
81. Kf2 Qf4 82. Qxf4+ gxf4 83. Kf3 Bg5 84. h4 Bxh4 85. Kxf4 a4 86. g5 Bxg5+
87. Kxg5 axb3 88. d6 Kc8 { White resigns } 0-1

[Event "ICC tourney 2436 (75 10)"]
[Site "Internet Chess Club"]
[Date "2021.03.07"]
[Round "4"]
[White "COVEY, THEODORE DEAN:VirginiaGuy"]
[Black "SHAKIROV, DIYOR:Diyor"]
[Result "1/2-1/2"]
[ICCResult "Game drawn by repetition"]
[WhiteElo "1218"]
[BlackElo "1175"]
[Opening "Queen's bishop game"]
[ECO "D02"]
[NIC "QP.08"]
[Time "13:02:11"]
[PlyCount "57"]
[TimeControl "4500+10"]

1. d4 d5 2. Nf3 Nf6 3. Bf4 Bf5 4. e3 e6 5. c4 Bb4+ 6. Nc3 Ne4 7. Qb3 Bxc3+
8. bxc3 b6 9. cxd5 exd5 10. Bb5+ c6 11. Be2 O-O 12. O-O Bg4 13. Rfe1 Bxf3
14. Bxf3 Nd2 15. Qd1 Nc4 16. Be2 Nd6 17. Qa4 Qd7 18. Qa3 Nb7 19. Rec1 c5
20. Rab1 Nc6 21. Bb5 c4 22. Qa4 Rfc8 23. Ba6 Rd8 24. Bb5 Rdc8 25. Ba6 Rd8
26. Bb5 Rdc8 27. Ba6 Rd8 28. Bb5 Rdc8 29. Ba6 { Game drawn by repetition }
1/2-1/2

[Event "ICC tourney 2436 (75 10)"]
[Site "Internet Chess Club"]
[Date "2021.03.07"]
[Round "4"]
[White "SHANGIN, LEV:lshangin"]
[Black "HELLER, JACK G:Maximusiv"]
[Result "0-1"]
[ICCResult "White resigns"]
[WhiteElo "1170"]
[BlackElo "932"]
[Opening "Queen's pawn game"]
[ECO "A45"]
[NIC "QP.07"]
[Time "13:02:17"]
[PlyCount "34"]
[TimeControl "4500+10"]

1. d4 Nf6 2. c3 c5 3. Nf3 cxd4 4. cxd4 g6 5. Nc3 Bg7 6. e3 O-O 7. Bd3 Re8
8. O-O d6 9. b3 e5 10. dxe5 dxe5 11. Bc2 e4 12. Nd4 Nbd7 13. Bb2 Nc5 14. h3
a6 15. Qe2 Re5 16. Rad1 Qc7 17. Nb1 Bxh3 { White resigns } 0-1

[Event "ICC tourney 2436 (75 10)"]
[Site "Internet Chess Club"]
[Date "2021.03.07"]
[Round "4"]
[White "FENG, AARON:aaronfeng"]
[Black "DELABRE, TONY:tdelabre62"]
[Result "1/2-1/2"]
[ICCResult "Game drawn by mutual agreement"]
[WhiteElo "1094"]
[BlackElo "1198"]
[Opening "Petrov: French attack"]
[ECO "C42"]
[NIC "RG.03"]
[Time "13:02:14"]
[PlyCount "41"]
[TimeControl "4500+10"]

1. e4 e5 2. Nf3 Nf6 3. Nxe5 d6 4. Nf3 Nxe4 5. d3 Nf6 6. Bg5 Be7 7. Be2 O-O
8. O-O Nc6 9. Nc3 Be6 10. d4 d5 11. Re1 a6 12. a3 h6 13. Bh4 Re8 14. h3 Bf5
15. Bd3 Ne4 16. Bxe7 Rxe7 17. Re3 Qd7 18. Nh4 Nxd4 19. Bxe4 dxe4 20. Nxf5
Nxf5 21. Qxd7 { Game drawn by mutual agreement } 1/2-1/2

[Event "ICC tourney 2436 (75 10)"]
[Site "Internet Chess Club"]
[Date "2021.03.07"]
[Round "4"]
[White "ANGEL, BORYS:BArkadia"]
[Black "SIAMWALLA, ALVIN:cappyal"]
[Result "1-0"]
[ICCResult "Black resigns"]
[WhiteElo "1236"]
[BlackElo "624"]
[Opening "King's pawn game"]
[ECO "C50"]
[NIC "IG.03"]
[Time "13:02:13"]
[PlyCount "71"]
[TimeControl "4500+10"]

1. e4 e5 2. Nf3 Nc6 3. Bc4 h6 4. O-O Nf6 5. Nc3 Bc5 6. d3 O-O 7. Nd5 Re8 8.
Be3 Bxe3 9. fxe3 Nxd5 10. Bxd5 Nb4 11. Bb3 d6 12. Nh4 d5 13. Qh5 Rf8 14.
exd5 Nxd5 15. Nf5 Bxf5 16. Bxd5 Qxd5 17. Rxf5 Qc5 18. Rxe5 Qxc2 19. Rf1
Qxd3 20. Re7 Qg6 21. Qxg6 fxg6 22. Rxc7 Rxf1+ 23. Kxf1 Rf8+ 24. Ke2 Rf7 25.
Rc8+ Rf8 26. Rxf8+ Kxf8 27. Kd3 Ke7 28. Ke4 Ke6 29. b4 h5 30. a4 g5 31. h3
g4 32. hxg4 hxg4 33. g3 g5 34. b5 b6 35. Kd4 a5 36. bxa6 { Black resigns }
1-0

[Event "ICC tourney 2436 (75 10)"]
[Site "Internet Chess Club"]
[Date "2021.03.07"]
[Round "4"]
[White "Ravichandran, Vishwa Balaji:VishwaBalaji"]
[Black "GUAN , TSZ YEUNG:DanielGuan"]
[Result "0-1"]
[ICCResult "White resigns"]
[WhiteElo "942"]
[BlackElo "1280"]
[Opening "Sicilian defense"]
[ECO "B32"]
[NIC "SI.32"]
[Time "13:02:12"]
[PlyCount "72"]
[TimeControl "4500+10"]

1. e4 c5 2. Nf3 Nc6 3. d4 cxd4 4. Nxd4 d6 5. Nxc6 bxc6 6. Nc3 Nf6 7. Bg5 e5
8. Bc4 Be7 9. Qd3 h6 10. Bh4 O-O 11. Rd1 Ne8 12. Bxe7 Qxe7 13. O-O Be6 14.
Bxe6 Qxe6 15. Rd2 f5 16. exf5 Rxf5 17. Rfd1 d5 18. f3 Nd6 19. b3 Rff8 20.
Qe2 Rfe8 21. Ne4 Nb5 22. Ng3 Nc3 23. Qe3 Nxd1 24. Rxd1 a5 25. Re1 Qd7 26.
Rd1 Qa7 27. Kf2 Qxe3+ 28. Kxe3 a4 29. Rd2 axb3 30. cxb3 Ra6 31. Nh5 Rea8
32. a4 Rb8 33. Rd3 Rab6 34. Ng3 Rxb3 35. Nf5 Kf7 36. Nd6+ Ke6 { White
resigns } 0-1

[Event "ICC tourney 2436 (75 10)"]
[Site "Internet Chess Club"]
[Date "2021.03.07"]
[Round "4"]
[White "CAO, DANIEL:danielcao"]
[Black "LA BRECHE, NATHANAEL JOHN:aWildNateDawg"]
[Result "1/2-1/2"]
[ICCResult "Game drawn by mutual agreement"]
[WhiteElo "1121"]
[BlackElo "1227"]
[Opening "Two knights defense"]
[ECO "C58"]
[NIC "KP.01"]
[Time "13:02:12"]
[PlyCount "77"]
[TimeControl "4500+10"]

1. e4 e5 2. Nf3 Nc6 3. Bc4 Nf6 4. Ng5 d5 5. exd5 Na5 6. Bb5+ c6 7. dxc6
bxc6 8. Bd3 h6 9. Ne4 Nxe4 10. Bxe4 Qh4 11. Qf3 Bd7 12. O-O Be7 13. Nc3 O-O
14. g3 Qh3 15. Qg2 Qe6 16. Nd5 cxd5 17. Bxd5 Bc6 18. Bxe6 Bxg2 19. Bxf7+
Rxf7 20. Kxg2 Bc5 21. d3 Rb8 22. a3 Nc6 23. b4 Bd4 24. Rb1 Rfb7 25. Be3 a5
26. Bd2 Ba7 27. Ra1 Nd4 28. c3 Nb3 29. Ra2 Nxd2 30. Rxd2 axb4 31. cxb4 Rc7
32. Re1 Bd4 33. Re4 Kf7 34. f4 Re8 35. fxe5 Bxe5 36. d4 Bf6 37. Rxe8 Kxe8
38. d5 Ra7 39. Rd3 { Game drawn by mutual agreement } 1/2-1/2

[Event "ICC tourney 2436 (75 10)"]
[Site "Internet Chess Club"]
[Date "2021.03.07"]
[Round "4"]
[White "HSIAO, OLIVER:OliverHsiao"]
[Black "FINETTE, STEVEN:chess278"]
[Result "0-1"]
[ICCResult "White resigns"]
[WhiteElo "1249"]
[BlackElo "1323"]
[Opening "Caro-Kann: exchange variation"]
[ECO "B13"]
[NIC "CK.02"]
[Time "13:02:12"]
[PlyCount "96"]
[TimeControl "4500+10"]

1. e4 c6 2. d4 d5 3. exd5 cxd5 4. Bf4 Nf6 5. Nc3 a6 6. Nf3 Bg4 7. h3 Bxf3
8. Qxf3 e6 9. Bd3 Be7 10. O-O O-O 11. Ne2 Nc6 12. c3 Rc8 13. Ng3 Bd6 14.
Bxd6 Qxd6 15. Bc2 Nxd4 16. cxd4 Rxc2 17. Qb3 Qc7 18. Rfd1 Rc8 19. a3 b5 20.
Nf1 Qf4 21. Qe3 Qxe3 22. Nxe3 R2c7 23. Kf1 Kf8 24. Ke2 Ne4 25. f3 Nd6 26.
Kd2 Nc4+ 27. Nxc4 Rxc4 28. Kd3 Rc2 29. Rd2 R2c6 30. a4 b4 31. g4 a5 32. f4
Ke7 33. h4 Rc1 34. Rxc1 Rxc1 35. Rc2 Rxc2 36. Kxc2 Kd6 37. Kd3 f6 38. h5 e5
39. dxe5+ fxe5 40. f5 h6 41. b3 Ke7 42. Ke3 Kf6 43. Kf3 Kg5 44. Kg3 e4 45.
Kh3 d4 46. Kg3 d3 47. Kf2 d2 48. Ke2 e3 { White resigns } 0-1

[Event "ICC tourney 2436 (75 10)"]
[Site "Internet Chess Club"]
[Date "2021.03.07"]
[Round "4"]
[White "JIANG, ALBERT:Player1139"]
[Black "MADSEN, STUART:gmstuartscott"]
[Result "0-1"]
[ICCResult "White checkmated"]
[WhiteElo "320"]
[BlackElo "981"]
[Opening "Ruy Lopez: Berlin defense, Beverwijk variation"]
[ECO "C65"]
[NIC "RL.07"]
[Time "13:02:13"]
[PlyCount "140"]
[TimeControl "4500+10"]

1. e4 e5 2. Nf3 Nc6 3. Bb5 Nf6 4. O-O Bc5 5. Re1 d6 6. c3 Bd7 7. d4 Bb6 8.
h3 a6 9. Ba4 O-O 10. Bg5 h6 11. Bxf6 Qxf6 12. dxe5 Qe6 13. Bb3 Qe7 14. exd6
cxd6 15. Na3 Ne5 16. Nc4 Bc7 17. Qd4 Nxf3+ 18. gxf3 Qg5+ 19. Kh1 Bxh3 20.
Rg1 Bg2+ 21. Rxg2 Qh5+ 22. Kg1 f6 23. Nxd6+ Kh8 24. Nf5 g5 25. Rh2 Qxh2+
26. Kf1 Qh1+ 27. Ke2 Qxa1 28. Qd7 Qxb2+ 29. Ke1 Rg8 30. Qxc7 Qb1+ 31. Ke2
Qb2+ 32. Ke1 Rad8 33. Bxg8 Rxg8 34. Qf7 Qxc3+ 35. Kf1 Qe5 36. Qh5 Qc7 37.
Qxh6+ Qh7 38. Qxf6+ Rg7 39. e5 Kg8 40. Nh6+ Kh8 41. Nf7+ Kg8 42. Nh6+ Kh8
43. e6 Qg6 44. Qxg6 Rxg6 45. e7 Re6 46. Nf5 b5 47. Nd6 Rxe7 48. Kg2 Re2 49.
Ne4 Rxa2 50. Nxg5 b4 51. f4 b3 52. Ne4 Rc2 53. f5 b2 54. f6 b1=Q 55. f7 Qb8
56. f8=Q+ Qxf8 57. Kg3 Qg8+ 58. Kf3 Qf8+ 59. Kg2 Rb2 60. Kg3 Rb7 61. Kg2
Re7 62. f3 Qg7+ 63. Kf2 Rb7 64. Nd6 Rb3 65. Nf5 Qg5 66. Nd4 Rb2+ 67. Ne2
Qc5+ 68. Kf1 Qc2 69. Kg1 Qxe2 70. f4 Rb1# { White checkmated } 0-1

[Event "ICC tourney 2436 (75 10)"]
[Site "Internet Chess Club"]
[Date "2021.03.07"]
[Round "5"]
[White "CONNEEN, CHARLIE CHARLES:ukdl"]
[Black "Koo, Jeremy Francis:koojeremy"]
[Result "1-0"]
[ICCResult "Black checkmated"]
[WhiteElo "1205"]
[BlackElo "1064"]
[Opening "Scotch game"]
[ECO "C45"]
[NIC "SO.04"]
[Time "16:31:27"]
[PlyCount "25"]
[TimeControl "4500+10"]

1. e4 e5 2. Nf3 Nc6 3. d4 exd4 4. Nxd4 Nxd4 5. Qxd4 b6 6. Bc4 Bb7 7. O-O d6
8. Re1 c5 9. Bb5+ Ke7 10. Qd3 Nf6 11. e5 Nd5 12. exd6+ Kxd6 13. Bf4# {
Black checkmated } 1-0

[Event "ICC tourney 2436 (75 10)"]
[Site "Internet Chess Club"]
[Date "2021.03.07"]
[Round "5"]
[White "DELABRE, TONY:tdelabre62"]
[Black "MADSEN, STUART:gmstuartscott"]
[Result "1-0"]
[ICCResult "Black checkmated"]
[WhiteElo "1198"]
[BlackElo "981"]
[Opening "Scotch opening"]
[ECO "C44"]
[NIC "KP.10"]
[Time "16:31:49"]
[PlyCount "89"]
[TimeControl "4500+10"]

1. e4 e5 2. Nf3 Nc6 3. d4 Nf6 4. d5 Nd4 5. Nxd4 exd4 6. Qxd4 d6 7. Bb5+ Bd7
8. Bxd7+ Qxd7 9. Nc3 Be7 10. Bf4 Qg4 11. Bg3 Nh5 12. f3 Qg6 13. Ne2 Bf6 14.
Qb4 b6 15. Qb5+ Kd8 16. O-O-O Nxg3 17. hxg3 Be5 18. Qc6 Rb8 19. f4 Qxe4 20.
fxe5 Qxe5 21. Rhe1 Re8 22. Nf4 Qxe1 23. Rxe1 Rxe1+ 24. Kd2 Re8 25. a4 g5
26. Nh5 Rg8 27. Nf6 Kc8 28. Nxg8 Kd8 29. Nf6 Kc8 30. Nxh7 g4 31. Ke3 Kd8
32. Kf4 a5 33. Kxg4 Ke7 34. Qxc7+ Ke8 35. Qxb8+ Ke7 36. Qf8+ Kd7 37. Nf6+
Kc7 38. Qxf7+ Kc8 39. Qe8+ Kc7 40. Qd7+ Kb8 41. Ne8 Ka8 42. Qc8+ Ka7 43.
Nc7 b5 44. Nxb5+ Kb6 45. Qc6# { Black checkmated } 1-0

[Event "ICC tourney 2436 (75 10)"]
[Site "Internet Chess Club"]
[Date "2021.03.07"]
[Round "5"]
[White "HUA, OLIVER:oxdidi"]
[Black "CAO, DANIEL:danielcao"]
[Result "0-1"]
[ICCResult "White checkmated"]
[WhiteElo "993"]
[BlackElo "1121"]
[Opening "Sicilian defense"]
[ECO "B30"]
[NIC "SI.31"]
[Time "16:32:22"]
[PlyCount "70"]
[TimeControl "4500+10"]

1. e4 c5 2. Nf3 Nc6 3. Bc4 e6 4. O-O d5 5. exd5 exd5 6. Bb5 a6 7. Bxc6+
bxc6 8. d3 Nf6 9. Bg5 Be7 10. Re1 O-O 11. Nc3 h6 12. Bh4 Rb8 13. Rb1 Bg4
14. Qe2 Re8 15. Bg3 Bd6 16. Qd2 Bxf3 17. gxf3 Qc7 18. Bxd6 Qxd6 19. Rxe8+
Rxe8 20. Ne2 Nh5 21. d4 cxd4 22. Nxd4 Nf4 23. Nf5 Qg6+ 24. Ng3 Qg5 25. Qd1
Re2 26. Kf1 Re6 27. c3 h5 28. c4 h4 29. cxd5 hxg3 30. fxg3 Nxd5 31. f4 Qf5
32. Qc1 Ne3+ 33. Kg1 Qe4 34. Qd2 Qxb1+ 35. Kf2 Qf1# { White checkmated }
0-1

[Event "ICC tourney 2436 (75 10)"]
[Site "Internet Chess Club"]
[Date "2021.03.07"]
[Round "5"]
[White "HELLER, JACK G:Maximusiv"]
[Black "Ravichandran, Vishwa Balaji:VishwaBalaji"]
[Result "0-1"]
[ICCResult "White resigns"]
[WhiteElo "932"]
[BlackElo "942"]
[Opening "French: Wing gambit"]
[ECO "C00"]
[NIC "FR.01"]
[Time "16:31:31"]
[PlyCount "72"]
[TimeControl "4500+10"]

1. e4 e6 2. Nf3 d5 3. e5 c5 4. b4 Nc6 5. bxc5 Bxc5 6. d4 Bb6 7. c3 Nge7 8.
Ba3 Nf5 9. Bd3 Nce7 10. O-O Bd7 11. Re1 Rc8 12. Bxf5 Nxf5 13. Qd3 Ba5 14.
Rc1 Qb6 15. Nbd2 Qb5 16. Qxb5 Bxb5 17. Bb2 Kd7 18. Nb3 Bb6 19. a4 Bc4 20.
Nbd2 a6 21. a5 Ba7 22. Nxc4 Rxc4 23. Nd2 Rc6 24. g4 Ne7 25. c4 dxc4 26.
Rxc4 Rhc8 27. Rac1 Rxc4 28. Rxc4 Rxc4 29. Nxc4 Nc6 30. Nd6 Nxa5 31. Nxf7
Nc6 32. Nd6 b5 33. Ne4 Nxd4 34. Ba1 Nc2 35. Bb2 a5 36. Nc3 Bd4 { White
resigns } 0-1

[Event "ICC tourney 2436 (75 10)"]
[Site "Internet Chess Club"]
[Date "2021.03.07"]
[Round "5"]
[White "SIAMWALLA, ALVIN:cappyal"]
[Black "HSIAO, OLIVER:OliverHsiao"]
[Result "1/2-1/2"]
[ICCResult "Game drawn because neither player has mating material"]
[WhiteElo "624"]
[BlackElo "1249"]
[Opening "Giuoco Pianissimo: Italian four knights variation"]
[ECO "C47"]
[NIC "KP.06"]
[Time "16:31:30"]
[PlyCount "137"]
[TimeControl "4500+10"]

1. e4 e5 2. Nf3 Nc6 3. Nc3 Nf6 4. Bc4 Bc5 5. d3 h6 6. h3 d6 7. Bd2 O-O 8.
O-O Be6 9. Bxe6 fxe6 10. Be3 Nd4 11. Bxd4 exd4 12. Ne2 e5 13. c3 dxc3 14.
Nxc3 Qd7 15. Qb3+ Kh8 16. Qxb7 Rab8 17. Qa6 Rxb2 18. Na4 Rb5 19. Nxc5 Rxc5
20. Rfb1 Ra8 21. Rb7 Qc6 22. Qxc6 Rxc6 23. Rab1 Nd7 24. Nh4 Rb6 25. R1xb6
axb6 26. Rxc7 Nc5 27. Rc6 Rxa2 28. Ng6+ Kh7 29. Rxd6 Nxd3 30. Rxb6 Ra1+ 31.
Kh2 Nxf2 32. Nxe5 Nxe4 33. Rb4 Nf6 34. Ng4 Nd5 35. Rb5 Nf4 36. Rf5 Nd3 37.
Rd5 Ra3 38. Rf5 Ra6 39. Rf3 Nc5 40. Re3 Re6 41. Rc3 Ne4 42. Re3 Ng5 43. Rd3
Re2 44. Kh1 Ne4 45. Rd7 Nf2+ 46. Nxf2 Rxf2 47. Kg1 Ra2 48. Kh2 Kg6 49. Rd6+
Kf5 50. Rd5+ Ke6 51. Rh5 Re2 52. Kg3 Re5 53. Rxe5+ Kxe5 54. Kg4 g6 55. h4
Ke4 56. h5 g5 57. g3 Ke3 58. Kf5 Kf3 59. Kg6 Kxg3 60. Kxh6 Kf4 61. Kg6 g4
62. h6 g3 63. h7 g2 64. h8=Q g1=Q+ 65. Kh7 Qh2+ 66. Kg8 Qg2+ 67. Qg7 Qa2+
68. Qf7+ Qxf7+ 69. Kxf7 { Game drawn because neither player has mating
material } 1/2-1/2

[Event "ICC tourney 2436 (75 10)"]
[Site "Internet Chess Club"]
[Date "2021.03.07"]
[Round "5"]
[White "LA BRECHE, NATHANAEL JOHN:aWildNateDawg"]
[Black "ANGEL, BORYS:BArkadia"]
[Result "1-0"]
[ICCResult "Black resigns"]
[WhiteElo "1227"]
[BlackElo "1236"]
[Opening "Ruy Lopez: 5.O-O"]
[ECO "C78"]
[NIC "RL.12"]
[Time "16:31:37"]
[PlyCount "39"]
[TimeControl "4500+10"]

1. e4 e5 2. Nf3 Nc6 3. Bb5 a6 4. Ba4 Nf6 5. O-O b5 6. Bb3 Bc5 7. Nxe5 Bxf2+
8. Rxf2 Nxe5 9. d4 Neg4 10. Bxf7+ Ke7 11. Rf1 d6 12. Bb3 h6 13. h3 Ke8 14.
hxg4 Nxg4 15. Qf3 Qh4 16. Qh3 Qxh3 17. gxh3 Nf6 18. Kh2 g5 19. Rxf6 h5 20.
Bxg5 { Black resigns } 1-0

[Event "ICC tourney 2436 (75 10)"]
[Site "Internet Chess Club"]
[Date "2021.03.07"]
[Round "5"]
[White "GUAN , TSZ YEUNG:DanielGuan"]
[Black "SHAKIROV, DIYOR:Diyor"]
[Result "1-0"]
[ICCResult "Black checkmated"]
[WhiteElo "1280"]
[BlackElo "1175"]
[Opening "QGD Slav defense: exchange variation"]
[ECO "D10"]
[NIC "SL.01"]
[Time "16:32:02"]
[PlyCount "125"]
[TimeControl "4500+10"]

1. d4 d5 2. c4 c6 3. cxd5 cxd5 4. Nc3 Nf6 5. Bg5 Bf5 6. Bxf6 exf6 7. Qb3 b6
8. Qxd5 Qxd5 9. Nxd5 Bd6 10. e3 O-O 11. Nc3 Nc6 12. Kd2 Bb4 13. Bd3 Bxd3
14. Kxd3 Rfd8 15. Nf3 Ne5+ 16. Nxe5 fxe5 17. Rhd1 exd4 18. exd4 Bc5 19. Ke3
Re8+ 20. Kf3 Be7 21. Nd5 Bd6 22. g3 Rad8 23. Nc3 a6 24. Re1 Rxe1 25. Rxe1
Bb4 26. Rd1 Kf8 27. a3 Be7 28. h4 Bf6 29. d5 Ke7 30. Ke4 Kd6 31. Kd3 Bxc3
32. Kxc3 Ke5 33. Re1+ Kf6 34. Kd4 Rd6 35. Rc1 Ke7 36. Rc7+ Rd7 37. d6+ Kxd6
38. Rxd7+ Kxd7 39. Kd5 Kc7 40. g4 Kd7 41. f4 g6 42. a4 a5 43. b3 f6 44. h5
f5 45. hxg6 hxg6 46. gxf5 gxf5 47. Ke5 Ke7 48. Kxf5 Kf7 49. Ke5 Ke7 50. f5
Kf7 51. f6 Kf8 52. Ke6 b5 53. axb5 a4 54. bxa4 Kg8 55. f7+ Kf8 56. b6 Kg7
57. Ke7 Kh7 58. f8=Q Kg6 59. Qf7+ Kg5 60. b7 Kh4 61. Qg7 Kh5 62. b8=Q Kh4
63. Qbh8# { Black checkmated } 1-0

[Event "ICC tourney 2436 (75 10)"]
[Site "Internet Chess Club"]
[Date "2021.03.07"]
[Round "5"]
[White "JIANG, ALBERT:Player1139"]
[Black "FENG, AARON:aaronfeng"]
[Result "0-1"]
[ICCResult "White checkmated"]
[WhiteElo "320"]
[BlackElo "1094"]
[Opening "Ruy Lopez: closed, Flohr-Zaitsev system (Lenzerheide variation)"]
[ECO "C92"]
[NIC "RL.26"]
[Time "16:31:30"]
[PlyCount "110"]
[TimeControl "4500+10"]

1. e4 e5 2. Nf3 Nc6 3. Bb5 a6 4. Ba4 Nf6 5. O-O b5 6. Bb3 d6 7. Re1 Be7 8.
h3 O-O 9. c3 Bb7 10. d4 Re8 11. Nbd2 Na5 12. Bc2 Nc6 13. Nf1 Bc8 14. Ng3
Bd7 15. a4 Na7 16. axb5 Nxb5 17. dxe5 dxe5 18. Nxe5 Be6 19. Bf4 Bd6 20. Nc6
Qd7 21. Bxd6 cxd6 22. Nd4 Nxd4 23. cxd4 Qb7 24. Ba4 Red8 25. b3 d5 26. f3
Qb6 27. Rc1 dxe4 28. fxe4 Rxd4 29. Qf3 Rxa4+ 30. Kh1 Qxb3 31. Rc3 Qb7 32.
Qf4 Nd5 33. Qe5 Nxc3 34. Nh5 f6 35. Qxe6+ Qf7 36. Nxf6+ gxf6 37. Qc6 Qe8
38. Qxc3 Rxe4 39. Qg3+ Kh8 40. Rxe4 Qxe4 41. Qf2 Rf8 42. Qb6 Qe1+ 43. Kh2
Qe5+ 44. Kg1 Qa1+ 45. Kh2 a5 46. Qg1 Qxg1+ 47. Kxg1 a4 48. Kf1 a3 49. Ke2
a2 50. Kf3 a1=Q 51. Kg3 Rg8+ 52. Kh2 Qe5+ 53. Kg1 Qe1+ 54. Kh2 Qg3+ 55. Kg1
Qxg2# { White checkmated } 0-1